 Seeded DCSS version 0.28-a0-957-g42eb19b844 (webtiles) character file.

Game seed: 20211202 (custom seed)

141 a11behringer the Shield-Bearer (level 5, -8/42 HPs)
             Began as a Formicid Fighter on Dec 1, 2021.
             Mangled by Blork the orc (11 damage)
             ... on level 4 of the Dungeon.
             The game lasted 00:07:31 (2556 turns).

a11behringer the Shield-Bearer (Formicid Fighter)   Turns: 2556, Time: 00:07:31

Health: -8/42      AC:  8    Str: 23    XL:     5   Next: 48%
Magic:  5/5        EV: 10    Int:  7    God:
Gold:   163        SH:  6    Dex: 10    Spells: 4/4 levels left

rFire   . . .      SeeInvis +   i - +4 hand axe
rCold   . . .      Faith    .   o - +2 buckler
rNeg    . . .      Spirit   .   b - +0 scale mail
rPois   .          Reflect  .   (helmet unavailable)
rElec   .          Harm     .   (no cloak)
rCorr   .          Rampage  .   p - +0 pair of gloves
Will    .....                   (no boots)
Stlth   ..........              (no amulet)
HPRegen 0.14/turn               (no ring)
MPRegen 0.09/turn               (no ring)

@: mighty, studying Poison Magic
A: permanent stasis, dig shafts and tunnels, antennae 3, four strong arms
a: Dig, Shaft Self


You were on level 4 of the Dungeon.
You visited 1 branch of the dungeon, and saw 4 of its levels.

You collected 163 gold pieces.

Inventory:

Hand Weapons
 a - a +0 war axe
 i - a +4 hand axe (weapon)
 j - a +0 hunting sling
Missiles
 h - 119 stones
Armour
 b - a +0 scale mail (worn)
 c - a +0 buckler
 o - a +2 buckler (worn)
 p - a +0 pair of gloves (worn)
 r - a +0 kite shield
Scrolls
 e - 2 scrolls of identify {unknown}
 f - 3 scrolls of teleportation {unknown}
 g - a scroll of blinking {unknown}
 k - a scroll of fear {unknown}
 l - a scroll of immolation {unknown}
 n - a scroll of enchant weapon {unknown}
Potions
 d - 2 potions of might
 m - a potion of degeneration {unknown}
 q - a potion of curing {unknown}


   Skills:
 + Level 4.0 Fighting
 * Level 4.0 Axes
 + Level 3.6 Armour
 + Level 0.7 Dodging
 - Level 0.1 Stealth
 + Level 4.2 Shields


You had 4 spell levels left.
You didn't know any spells.
Your spell library contained the following spells:

 Spells                   Type           Power      Damage    Failure   Level
 Corpse Rot               Necr/Air       0%         N/A       86%         2
 Poisonous Vapours        Pois/Air       0%         N/A       86%         2
 Dispel Undead            Necr           0%         3d6       100%        4
 Summon Forest            Summ/Tloc      0%         N/A       100%        5
 Death Channel            Necr           0%         N/A       100%        6
 Eringya's Noxious Bog    Tmut/Pois      0%         N/A       100%        6
 Summon Hydra             Summ           0%         N/A       100%        7


Dungeon Overview and Level Annotations

Branches:
Dungeon (4/15)
 Temple: D:4-7

Altars:

Annotations:
D:4 Blork the orc


Innate Abilities, Weirdness & Mutations

You cannot be hasted, slowed, berserked, paralysed or teleported.
You can dig through walls and to a lower floor.
You have a pair of large antennae on your head. (SInv)
Your four strong arms can wield two-handed weapons with a shield.


Message History

You hit the goblin.
You kill the goblin!
You hit the hobgoblin but do no damage. The hobgoblin closely misses you.
Your Axes skill increases to level 4!
You hit the hobgoblin but do no damage.
The hobgoblin is moderately wounded.
You block the hobgoblin's attack.
You slash the hobgoblin!
You kill the hobgoblin!
No target in view!
You see here a +0 kite shield.
r - a +0 kite shield You extend your mandibles.
You dig through the rock wall.
Blork the orc comes into view.
He is wielding a +0 scimitar.
Blork the orc barely misses you.
You retract your mandibles.
You closely miss Blork the orc.
Blork the orc hits you but does no damage.
You hit Blork the orc.
Blork the orc is lightly wounded.
Blork the orc hits you with a +0 scimitar.
You hit Blork the orc but do no damage.
Blork the orc is lightly wounded.
Blork the orc looks braver for a moment.
You hit Blork the orc but do no damage.
Blork the orc is lightly wounded.
Blork the orc points at you and mumbles some strange words.
The puff of frost hits you! Blork the orc misses you.
You feel very mighty all of a sudden.
Blork the orc hits you with a +0 scimitar!
* * * LOW HITPOINT WARNING * * *
You closely miss Blork the orc.
Blork the orc is lightly wounded.
Blork the orc points at you and mumbles some strange words.
The magic dart hits you!
* * * LOW HITPOINT WARNING * * *
You slash Blork the orc!
Blork the orc is heavily wounded.
Blork the orc hits you with a +0 scimitar!
You die...

#.#.# #.#.#.#
#.#.#.#.#
#.#...#.#
####.#...#.#
.#.....†..#.#
......)<..#.#
.#....†...#.#
#........@o#
#........#.#
..........#.#
..........#.#
#######...#.#
#...#.#
#...#.#
#...#.# #...#


You could see Blork the orc.

Vanquished Creatures
  A centaur skeleton (D:4)
  A jelly (D:3)
  2 adders
  3 worms
  2 dart slugs (D:3)
  An orc (D:3)
  4 endoplasms
  3 giant cockroaches
  6 goblins
  3 hobgoblins
  5 jackals (D:2)
  8 ball pythons
  6 bats
  3 frilled lizards
  A kobold (D:1)
  3 rats
52 creatures vanquished.

Vanquished Creatures (others)
  A plant (D:2)
1 creature vanquished.

Grand Total: 53 creatures vanquished

Notes
Turn   | Place    | Note
-------+----------+-------------------------------------------
     0 | D:1      | a11behringer the Formicid Fighter began the quest for the
                  | Orb.
     0 | D:1      | Reached XP level 1. HP: 18/18 MP: 1/1
   326 | D:1      | Reached XP level 2. HP: 24/24 MP: 2/2
   863 | D:2      | Found a faded altar of an unknown god.
   880 | D:2      | Reached XP level 3. HP: 11/29 MP: 3/3
  1545 | D:2      | Reached XP level 4. HP: 35/37 MP: 4/4
  1839 | D:3      | Reached XP level 5. HP: 39/42 MP: 5/5
  2549 | D:4      | Noticed Blork the orc
  2556 | D:4      | Mangled by Blork the orc

Illustrated notes

Levels and vault maps discovered:
D:1:      lemuel_arrival_lava_pool, layout_loops_ring, minivault_4, minivault_11
D:2:      layout_rooms, nicolae_ecumenical_snake_handling, serial_bayou_crossing
D:3:      layout_basic, eino_tiny_chamber
D:4:      layout_basic, uniq_blork_the_orc

Skill      XL: |  1  2  3  4  5 |
---------------+----------------+-----
Shields        | 4 |  4.2
Axes           | 3 4 |  4.0
Fighting       | 4 |  4.0
Armour         | |  3.6
Dodging        | |  0.7
Stealth        | |  0.1

Action                   |  1- 3 |  4- 6 || total
-------------------------+-------+-------++-------
Melee: War axe           |     9 |       ||     9
       Hand axe          |    68 |    52 ||   120
 Abil: Dig               |     8 |     2 ||    10
  Use: Potion            |       |     1 ||     1
Armor: Scale mail        |    34 |    22 ||    56
Dodge: Dodged            |    31 |    16 ||    47
Block: Buckler           |    18 |    14 ||    32

Table legend: (Time is in decaauts)
 A = Elapsed time spent in this place.
 B = Non-inter-level travel time spent in this place.
 C = Inter-level travel time spent in this place.
 D = Time resting spent in this place.
 E = Time spent auto-exploring this place.
 F = Levels seen in this place.
 G = Mean time per level.
                   A        B        C        D        E       F      G
               +--------+--------+--------+--------+--------+-----+--------+
         Total |   2602 |   2222 |    380 |      0 |   1804 |   4 |  650.5 |
       Dungeon |   2602 |   2222 |    380 |      0 |   1804 |   4 |  650.5 |
               +--------+--------+--------+--------+--------+-----+--------+

Top non-repeatable levels by time:
     D:2: 882 daAuts
     D:1: 814 daAuts
     D:3: 729 daAuts
     D:4: 176 daAuts
